AoeStats
← dincenzo

Hideout

509440928Analyzed
1v1 RM · 7d ago on Sep 26, 2026· 41m 30s· 2 players
Game mode
Random Map
Map size
Tiny (2 player)
Population
200
Speed
Normal
Resources
Standard
Victory
Conquest
Starting age
Dark Age
Ending age
Imperial Age
RankedLock teamsTeams togetherTeam positionsShared explorationLock speedFull tech treeHidden civsTurbo modeCheats
Victory
Defeat
🇹🇷 Turks · Türkiye
1248
+15
🇦🇺 Malay · Australia
1221
-15
FNBIGNUTZ
11:44 Feudal Age
12:00 Double-Bit Axe
12:00 Horse Collar
13:46 Loom
18:33 Castle Age
18:51 Wheelbarrow
18:31 Bow Saw
21:21 Squires
21:33 Forging
23:27 Arson
27:02 Fletching
33:38 Imperial Age
31:09 Pikeman
33:02 Hand Cart
34:00 Halberdier
35:55 Conscription
37:50 Iron Casting
37:08 Gold Mining
38:32 Gold Shaft Mining
40:27 Blast Furnace
dincenzo
8:54 Loom
10:48 Feudal Age
15:08 Castle Age
12:54 Horse Collar
13:30 Double-Bit Axe
16:26 Bow Saw
16:17 Heavy Plow
20:44 Wheelbarrow
20:02 Town Watch
22:21 Hand Cart
28:54 Imperial Age
27:11 Bloodlines
27:07 Stone Mining
32:15 Conscription
Connection lost

Rejoining the realm…

Still unreachable

The connection could not be restored.

Session expired

The server has moved on; the page needs a fresh start.